 Dungeon Crawl Stone Soup version 0.30-a0-223-gcb0039aa0c (webtiles) character file.

Game seed: 5712237454954354339

19460 greasedhog the Basher (level 12, -1/77 HPs)
             Began as a Gargoyle Chaos Knight on Oct 9, 2022.
             Was a Plaything of Xom.
             Slain by Fannar
             ... wielding a +0 quarterstaff of freezing
              (2 damage)
             ... on level 2 of the Lair of Beasts.
             The game lasted 00:22:15 (12171 turns).

greasedhog the Basher (Gargoyle Chaos Knight)      Turns: 12171, Time: 00:22:19

Health: -1/77      AC: 26    Str: 19    XL:     12   Next: 69%
Magic:  12/12      EV:  8    Int:  7    God:    Xom [*.....]
Gold:   2237       SH: 12    Dex: 13    Spells: 11/11 levels left

rFire   + . .      SeeInvis +    x - +2 whip (elec)
rCold   + . .      Faith    .    d - +0 kite shield
rNeg    + + .      Spirit   .    v - +0 chain mail {rC+}
rPois   ∞          Reflect  .    y - +0 helmet
rElec   +          Harm     .    (no cloak)
rCorr   .          Rampage  .    (no gloves)
Will    .....                    F - +1 pair of boots {Stlth+}
Stlth   ..........               w - amulet of the acrobat
HPRegen 0.32/turn                n - ring of protection from fire
MPRegen 0.13/turn                G - ring of positive energy

@: unable to read
A: sickness immunity, AC +8, negative energy resistance 1, electricity
resistance, torment resistance 1, petrification resistance, iridescent scales 2,
see invisible, agile 1, dopey 2, weak 1, subdued magic 1, inability to read
after injury 1
a: Renounce Religion


You were on level 2 of the Lair of Beasts.
You worshipped Xom.
You were a special plaything of Xom.
You visited 3 branches of the dungeon, and saw 13 of its levels.
You also visited: Bailey.

You collected 2237 gold pieces.

Inventory:

Hand Weapons
 a - a +0 mace of chaos
 p - a +1 antimagic war axe
 x - a +2 whip of electrocution (weapon)
Missiles
 l - 3 throwing nets (quivered)
Armour
 d - a +0 kite shield (worn)
 v - a +0 chain mail of cold resistance (worn)
 y - a +0 helmet (worn)
 F - a +1 pair of boots of stealth (worn)
Jewellery
 n - a ring of protection from fire (left hand)
 w - an amulet of the acrobat (around neck)
 G - a ring of positive energy (right hand)
 I - an amulet of reflection
 J - an amulet of guardian spirit
Wands
 g - a wand of flame (14)
 t - a wand of charming (7)
Scrolls
 e - a scroll of blinking
 h - 4 scrolls of teleportation
 j - 2 scrolls of enchant armour
 k - 3 scrolls of enchant weapon
 z - a scroll of magic mapping {unknown}
 H - 2 scrolls of fear
Potions
 b - 3 potions of brilliance
 f - 13 potions of flight
 i - 3 potions of attraction
 m - 2 potions of might
 o - a potion of magic {unknown}
 q - 2 potions of curing
 r - 2 potions of mutation {unknown}
 s - 2 potions of heal wounds {unknown}
 u - a potion of ambrosia {unknown}
 B - a potion of berserk rage {unknown}
 C - a potion of resistance {unknown}
 E - 2 potions of lignification {unknown}
Miscellaneous
 c - a piece from Xom's chessboard (15/15)
 D - a condenser vane


   Skills:
 * Level 9.9 Fighting
 - Level 12.0 Maces & Flails
 * Level 6.1 Armour
 - Level 5.0 Dodging
 - Level 3.1 Stealth
 * Level 11.9 Shields
 - Level 5.2 Evocations


You had 11 spell levels left.
You didn't know any spells.
Your spell library contained the following spells:

 Spells                   Type           Power      Damage    Failure   Level
 Necrotise                Necr           0%         1d4       100%        1
 Sting                    Tmut/Pois      0%         1d3       100%        1
 Poisonous Vapours        Pois/Air       0%         N/A       100%        2
 Ignite Poison            Fire/Tmut/Pois 0%         N/A       100%        3
 Vampiric Draining        Necr           0%         2d6       100%        3
 Olgreb's Toxic Radiance  Pois           0%         N/A       100%        4
 Sticky Flame             Conj/Fire      0%         2d3       100%        4
 Agony                    Necr           0%         N/A       100%        5
 Ignition                 Fire           0%         3d3       100%        8


Dungeon Overview and Level Annotations

Branches:
Dungeon (10/15)            Temple (1/1) D:7            Lair (2/5) D:8
 Bailey (visited)
  Swamp: Lair:2-3    Shoals: Lair:2-3     Snake: Lair:2-3    Spider: Lair:2-3
    Orc: D:9-12

Altars:
Ashenzari
Cheibriados
Elyvilon
Fedhas
Gozag
Hepliaklqana
Kikubaaqudgha
Okawaru
Qazlal
Ru
Trog
Vehumet
Xom

Shops:
D:9 *

Annotations:
D:5 2 runed translucent doors, Iusername's ghost, novice MiFi
D:10 exclusion: orange crystal statue
Lair:2 Fannar


Innate Abilities, Weirdness & Mutations

You are immune to sickness and miasma.
Your stone body is resilient. (AC +8)
You are immune to poison.
You resist negative energy. (rN+)
You are resistant to electric shocks. (rElec)
You are resistant to unholy torment.
You are immune to petrification.
You are mostly covered in iridescent scales. (AC +4)
You have supernaturally acute eyesight. (SInv)
You are agile. (Dex +4, Str/Int -1)
You are very dopey. (Int -4)
You are weak. (Str -2)
Your spells are a little easier to cast, but a little less powerful.
You occasionally lose the ability to read scrolls when taking damage.


Message History

Your butterfly looks even sicker.
You kill your butterfly!
Your butterfly disappears in a puff of smoke!
Fannar is engulfed in poison gas.
Fannar is poisoned.
Fannar barely misses you.
You hit Fannar. Lightning courses through Fannar!
Fannar is heavily wounded.
Unknown command.
You closely miss Fannar.
Fannar is heavily wounded.
Fannar is engulfed in poison gas.
Fannar looks even sicker.
You block Fannar's attack.
Unknown command.
You miss Fannar.
Fannar is heavily wounded.
Fannar looks even sicker.
Fannar hits you with a +0 quarterstaff of freezing!
Fannar freezes you.
* * * LOW HITPOINT WARNING * * *
Unknown command.
You hit Fannar. Lightning courses through Fannar!
Fannar is severely wounded.
Fannar is engulfed in poison gas.
Fannar looks as sick as possible!
Fannar hits you but does no damage.
Unknown command.
You hit Fannar but do no damage.
Fannar is almost dead.
Fannar is engulfed in poison gas.
Fannar looks as sick as possible!
Fannar hits you with a +0 quarterstaff of freezing!
You feel threatened and lose the ability to read scrolls!
* * * LOW HITPOINT WARNING * * *
Fannar freezes you.
* * * LOW HITPOINT WARNING * * *
You feel better.
Fannar is engulfed in poison gas.
Fannar looks as sick as possible!
Fannar hits you with a +0 quarterstaff of freezing!
* * * LOW HITPOINT WARNING * * *
Xom is mildly amused.
Fannar freezes you.
You die... "What!?
That's it?"

#§§§§§ #§§§§. . #§§§§ .#
#§§§###§###. ....
##§§§#§§§.§.......P
#§☼§§§§.§§§P#.....#.
#§§§☼#§§§§§##....... e
#§e@☼§#+..#.........
..#.☼§§§#.#...#.....#
...☼§☼§..☼§§§☼.........#
.§§§§§§§§§§§§§§§.......##
.§§§§§§§.§§§§§§§.........
.☼§§☼§§☼§§§§§§§§.........
.§§§§§§§§§§§§§☼§.........
.§§☼§§☼☼§§#§☼####.#P.....
.........#.### ####..###


You could see the neutral Fannar (fast, strong, insane, extremely poisoned).

Vanquished Creatures
  Josephine (D:10)
  Erolcha (D:9)
  A boulder beetle (D:10)
  A two-headed ogre (D:9)
  Nergalle (Lair:1)
  Pikel (D:5)
  6 elephants (Lair:1)
  Joseph (D:8)
  Psyche (D:8)
  A cane toad (Lair:1)
  Maggie (Lair:2)
  3 rime drakes (Lair:1)
  2 trolls
  A hornet (D:8)
  8 blink frogs (Lair:1)
  5 wraiths (D:10)
  A vampire (D:10)
  Eustachio (D:6)
  2 humans (D:7)
  A basilisk (Lair:1)
  19 yaks
  A steam dragon (Bailey)
  A naga (Bailey)
  3 water moccasins
  8 orc warriors
  A black bear (Lair:1)
  2 ice beasts (D:7)
  An ogre (D:6)
  2 centaurs
  2 lemures (D:5)
  5 kobold brigands
  2 gnoll sergeants
  6 bullfrogs
  A scorpion (D:7)
  9 wights
  8 killer bees
  A howler monkey (D:5)
  4 crimson imps (D:4)
  4 hounds
  6 orc priests
  2 jellies
  A gnoll bouda (D:5)
  4 iguanas
  17 orc wizards
  10 gnolls
  9 adders
  A shadow imp (D:5)
  A white imp (D:6)
  An ufetubus (D:6)
  A worm (D:4)
  A dart slug (D:1)
  44 orcs
  13 ball pythons
  7 endoplasms
  7 giant cockroaches
  6 goblins
  4 hobgoblins
  19 kobolds
  4 quokkas
  3 bats
  5 frilled lizards
  4 rats
290 creatures vanquished.

Vanquished Creatures (collateral kills)
  A komodo dragon (Lair:2)
  A yak (D:9)
  A black bear (D:6)
  A centaur (D:8)
  A lemure (D:5)
  A phantom (D:5)
  A bullfrog (Lair:2)
  A necrophage (D:5)
  2 hounds
  3 gnolls (D:5)
  An adder (D:5)
  A shadow imp (D:5)
  A white imp (D:5)
  5 orcs (D:5)
  A goblin (D:8)
22 creatures vanquished.

Vanquished Creatures (others)
  A dancing weapon (D:5)
  A kobold (Bailey)
  3 fungi (Lair:2)
  18 plants (Lair:1)
23 creatures vanquished.

Grand Total: 335 creatures vanquished

Notes
Turn   | Place    | Note
-------+----------+-------------------------------------------
     0 | D:1      | greasedhog the Gargoyle Chaos Knight began the quest for
                  | the Orb.
     0 | D:1      | Reached XP level 1. HP: 14/14 MP: 1/1
    87 | D:1      | Reached XP level 2. HP: 19/19 MP: 2/2
   261 | D:1      | XOM: divination: magic mapping
   538 | D:1      | Reached XP level 3. HP: 24/24 MP: 3/3
   553 | D:1      | Found a faded altar of an unknown god.
   980 | D:2      | Reached XP level 4. HP: 29/29 MP: 4/4
  1438 | D:3      | XOM: cleaving
  1443 | D:3      | XOM: cleaving
  1506 | D:3      | Reached skill level 4 in Maces & Flails
  1512 | D:3      | Reached XP level 5. HP: 34/34 MP: 5/5
  1569 | D:3      | XOM: give mutations
  1569 | D:3      | Gained mutation: You are partially covered in iridescent
                  | scales. (AC +2) [Xom's grace]
  1569 | D:3      | Gained mutation: You are mostly covered in iridescent
                  | scales. (AC +4) [Xom's grace]
  1613 | D:3      | XOM: divination: detect creatures
  1633 | D:3      | Found a radiant altar of Vehumet.
  1730 | D:3      | Found a hazy altar of Hepliaklqana.
  1731 | D:3      | Found a faded altar of an unknown god.
  1843 | D:3      | XOM: scenery: summon butterflies
  1895 | D:3      | XOM: scenery: create altars
  1928 | D:3      | XOM: stat loss: -1 Int (11/12)
  2244 | D:4      | XOM: confuse monster(s)
  2255 | D:4      | Reached XP level 6. HP: 37/40 MP: 6/6
  2463 | D:4      | Found a shimmering altar of Xom.
  2472 | D:4      | XOM: cast spell 'Disjunction'
  2484 | D:4      | Reached skill level 5 in Fighting
  2617 | D:4      | Reached skill level 5 in Maces & Flails
  2632 | D:4      | Reached XP level 7. HP: 40/44 MP: 7/7
  2685 | D:4      | Reached skill level 5 in Armour
  2685 | D:4      | Reached skill level 1 in Stealth
  2820 | D:4      | Reached skill level 1 in Dodging
  2870 | D:4      | XOM: give mutations
  2870 | D:4      | Gained mutation: Armour fits poorly on your strangely
                  | shaped body. [Xom's mischief]
  2870 | D:4      | Gained mutation: You have a pair of small horns on your
                  | head. [Xom's mischief]
  2870 | D:4      | Gained mutation: You are clumsy. (Dex -2) [Xom's mischief]
  2870 | D:4      | Lost mutation: You have a pair of small horns on your head.
                  | [Xom's mischief]
  2952 | D:4      | XOM: give mutations
  2952 | D:4      | Lost mutation: You are clumsy. (Dex -2) [Xom's mischief]
  2952 | D:4      | Lost mutation: Armour fits poorly on your strangely shaped
                  | body. [Xom's mischief]
  3110 | D:4      | XOM: 2-stop teleportation journey
  3320 | D:5      | Entered Level 5 of the Dungeon
  3410 | D:5      | XOM: 1-stop teleportation journey
  3492 | D:5      | XOM: summons friendly shadow imp
  3606 | D:5      | Noticed a troll
  3613 | D:5      | Killed a troll
  3614 | D:5      | Reached skill level 6 in Maces & Flails
  3614 | D:5      | Reached XP level 8. HP: 39/50 MP: 8/8
  3721 | D:5      | Found a large runed translucent door.
  3721 | D:5      | Found a large runed translucent door.
  4089 | D:5      | XOM: give mutations
  4089 | D:5      | Gained mutation: You have large cloven feet. [Xom's grace]
  4089 | D:5      | Gained mutation: You have supernaturally acute eyesight.
                  | (SInv) [Xom's grace]
  4089 | D:5      | Gained mutation: You are completely covered in iridescent
                  | scales. (AC +6) [Xom's grace]
  4278 | D:5      | Noticed Iusername's ghost (novice MiFi)
  4363 | D:5      | XOM: give mutation
  4363 | D:5      | Gained mutation: You are agile. (Dex +4, Str/Int -1) [Xom's
                  | grace]
  4389 | D:5      | Found a stormy altar of Qazlal.
  4434 | D:6      | XOM: divination: detect items
  4435 | D:6      | Noticed Pikel
  4514 | D:5      | XOM: summons friendly white imp
  4518 | D:5      | XOM: summons 3 friendly demons
  4532 | D:5      | Killed Pikel
  4533 | D:5      | Reached skill level 7 in Maces & Flails
  4577 | D:6      | Found a broken altar of Ashenzari.
  4654 | D:6      | Reached XP level 9. HP: 50/54 MP: 9/9
  4675 | D:6      | XOM: give mutations
  4675 | D:6      | Lost mutation: You have large cloven feet. [Xom's mischief]
  4675 | D:6      | Gained mutation: You are dopey. (Int -2) [Xom's mischief]
  4772 | D:6      | Found a bloodstained altar of Trog.
  4946 | D:6      | XOM: summons 9 friendly demons
  4991 | D:6      | Noticed Eustachio
  5008 | D:6      | Killed Eustachio
  5106 | D:6      | Found a sacrificial altar of Ru.
  5294 | D:6      | XOM: noise
  5317 | D:7      | Reached skill level 5 in Shields
  5339 | D:7      | Found a staircase to the Ecumenical Temple.
  5354 | Temple   | Entered the Ecumenical Temple
  5432 | D:7      | XOM: confusion (+ monsters)
  5466 | D:7      | XOM: summons 5 hostile demons
  5467 | D:7      | Noticed a sun demon
  5690 | D:7      | Reached skill level 8 in Maces & Flails
  5690 | D:7      | Reached skill level 5 in Dodging
  5773 | D:7      | Reached skill level 1 in Evocations
  5934 | D:7      | Found an iron altar of Okawaru.
  5941 | D:7      | XOM: 8-stop teleportation journey
  5968 | D:7      | XOM: confusion
  6060 | D:7      | Found a blossoming altar of Fedhas.
  6176 | D:7      | XOM: enchant monster (bad)
  6188 | D:7      | XOM: swap monsters
  6189 | D:7      | Reached XP level 10. HP: 59/59 MP: 10/10
  6204 | D:7      | XOM: give mutation
  6204 | D:7      | Gained mutation: You are very dopey. (Int -4) [Xom's
                  | mischief]
  6543 | D:8      | Noticed Psyche
  6553 | D:8      | Killed Psyche
  6553 | D:8      | Noticed Joseph
  6559 | D:8      | XOM: enchant monster (bad)
  6563 | D:8      | XOM: enchant monster (bad)
  6566 | D:8      | Killed Joseph
  6567 | D:8      | Reached skill level 9 in Maces & Flails
  6663 | D:8      | XOM: enchant monster (bad)
  6779 | D:8      | Found a staircase to the Lair.
  6811 | D:8      | XOM: summons friendly crimson imp
  6815 | D:8      | XOM: chaos upgrade
  6917 | D:8      | Found an ancient bone altar of Kikubaaqudgha.
  6934 | D:8      | Found a flagged portal.
  6947 | Bailey   | Entered a bailey
  6999 | Bailey   | XOM: polymorph kobold -> adder
  7011 | Bailey   | XOM: cleaving
  7020 | Bailey   | XOM: polymorph kobold brigand -> steam dragon
  7099 | Bailey   | XOM: polymorph orc warrior -> naga
  7101 | Bailey   | XOM: blink monster(s)
  7132 | Bailey   | XOM: 3-stop teleportation journey
  7258 | Bailey   | Found a burning altar of Makhleb.
  7332 | D:8      | XOM: smoke on damage
  7334 | D:8      | Reached skill level 5 in Evocations
  7390 | D:8      | XOM: silly message
  7496 | D:8      | XOM: swap monsters
  7690 | D:8      | XOM: chaos cloud
  7700 | D:7      | Reached skill level 10 in Maces & Flails
  7814 | D:8      | Reached XP level 11. HP: 49/64 MP: 11/11
  7988 | D:8      | Found a snail-covered altar of Cheibriados.
  8016 | D:8      | Found a white marble altar of Elyvilon.
  8060 | D:8      | XOM: 8-stop teleportation journey
  8195 | D:9      | XOM: torment (51/64 hp)
  8294 | D:9      | XOM: scenery: 1 doors close
  8323 | D:9      | XOM: divination: detect creatures
  8326 | D:9      | XOM: cleaving
  8402 | D:9      | XOM: noise
  8428 | D:9      | XOM: summons friendly ufetubus
  8441 | D:9      | XOM: cast spell 'Call Canine Familiar'
  8597 | D:9      | XOM: cleaving
  8599 | D:9      | XOM: summons 2 friendly demons
  8697 | D:9      | Found Gozag's Platinum Reserve.
  8850 | D:9      | Noticed Erolcha
  8850 | D:9      | Noticed a two-headed ogre
  8853 | D:9      | XOM: enchant monster (good)
  8858 | D:9      | Killed a two-headed ogre
  8865 | D:9      | Found an opulent altar of Gozag.
  8875 | D:9      | Killed Erolcha
  8923 | D:9      | XOM: 1-stop teleportation journey
  8935 | D:9      | XOM: noise
  9151 | D:9      | XOM: draining
  9427 | D:10     | Entered Level 10 of the Dungeon
  9460 | D:10     | XOM: blink monster(s)
  9461 | D:10     | XOM: fog
  9500 | D:10     | Noticed Josephine
  9501 | D:10     | XOM: scenery: 2 doors open, 1 doors close
  9505 | D:10     | XOM: swap monsters
  9516 | D:10     | XOM: cleaving
  9539 | D:10     | Killed Josephine
  9540 | D:10     | Reached skill level 10 in Shields
  9582 | D:10     | Noticed an orange crystal statue
  9742 | D:10     | XOM: 3-stop teleportation journey
  9757 | D:10     | Reached skill level 11 in Maces & Flails
  9794 | D:10     | XOM: divination: detect creatures
  9815 | D:10     | XOM: noise
  9912 | D:10     | XOM: noise
  9945 | D:10     | XOM: confuse monster(s)
 10137 | D:10     | XOM: noise
 10178 | D:10     | Noticed a boulder beetle
 10182 | D:10     | XOM: give mutations
 10182 | D:10     | Gained mutation: Your spells are a little easier to cast,
                  | but a little less powerful. [Xom's mischief]
 10182 | D:10     | Lost mutation: You are completely covered in iridescent
                  | scales. (AC +6) [Xom's mischief]
 10190 | D:10     | XOM: summons 4 hostile demons
 10201 | D:10     | XOM: swap monsters
 10223 | D:10     | Killed a boulder beetle
 10224 | D:10     | Reached XP level 12. HP: 56/75 MP: 12/12
 10411 | D:10     | XOM: give mutations
 10411 | D:10     | Gained mutation: You occasionally lose the ability to read
                  | scrolls when taking damage. [Xom's mischief]
 10411 | D:10     | Gained mutation: You are weak. (Str -2) [Xom's mischief]
 10751 | D:10     | XOM: god gift: staff of cold
 10756 | D:10     | Noticed a two-headed ogre
 10770 | D:10     | XOM: potion effect (might)
 10774 | D:10     | XOM: destruction
 10862 | Lair:1   | Entered Level 1 of the Lair of Beasts
 10939 | Lair:1   | XOM: potion effect (heal wounds)
 10954 | Lair:1   | XOM: enchant monster (bad)
 10965 | Lair:1   | XOM: potion effect (invisibility)
 10998 | Lair:1   | XOM: potion effect (curing)
 10999 | Lair:1   | XOM: divination: magic mapping
 11010 | Lair:1   | XOM: cast spell 'Olgreb's Toxic Radiance'
 11276 | Lair:1   | XOM: confuse monster(s)
 11279 | Lair:1   | Reached skill level 12 in Maces & Flails
 11351 | Lair:1   | XOM: cloud trail
 11391 | Lair:1   | XOM: cast spell 'Summon Cactus Giant'
 11514 | Lair:1   | Noticed Nergalle
 11543 | Lair:1   | Killed Nergalle
 11603 | Lair:1   | XOM: noise
 11628 | Lair:1   | XOM: scenery: create altars
 11647 | Lair:1   | XOM: enchant monster (good)
 12023 | Lair:2   | Noticed Maggie
 12044 | Lair:2   | Killed Maggie
 12077 | Lair:2   | XOM: summons 2 friendly demons
 12147 | Lair:2   | Noticed Fannar
 12150 | Lair:2   | XOM: summons friendly quasit
 12155 | Lair:2   | XOM: butterfly on damage
 12158 | Lair:2   | XOM: cast spell 'Discord'
 12171 | Lair:2   | HP: 1/77 [Fannar/+0 quarterstaff of freezing (9)]
 12171 | Lair:2   | Slain by Fannar

Illustrated notes

Levels and vault maps discovered:
D:1:      dpeg_arrival_connections, layout_rooms,
          hellmonk_ecumenical_altar_defaced_shrine, minmay_ruptured
D:2:      kennysheep_six_static_rooms, layout_loops_ring, minmay_box_of_dots
D:3:      layout_loops_ring, amcnicky_altar_gilded,
          beargit_hepliaklqana_dungeon_heroes
D:4:      layout_basic, led_xom_imps, serial_co_window_serial,
          co_window_corner_a, co_window_cross_1, co_window_paths_b,
          co_window_paths_b, co_window_paths_a, co_window_unsneaky_path_c,
          co_window_unsneaky_path_a, co_window_corner_b, co_window_paths_c,
          co_window_broadway_c, co_window_broadway_b, co_window_paths_d,
          glass_columns_c, glass_columns_a, glass_columns_a, glass_columns_c
D:5:      layout_loops_ring, lemuel_coloured_pillars_altar,
          ebering_ghost_disaster_area, minmay_quadrilaterals
D:6:      layout_gridville, mainiacjoe_overflow_concentric_impassable,
          nicolae_ashenzari_skybound, mainiacjoe_overflow_cross_hatched,
          st_stairs_4, hangedman_decor_peaks_small, uniq_eustachio, uniq_pikel
D:7:      layout_loops_ring, okawaru_humans,
          mainiacjoe_overflow_small_starburst, minmay_temple_entry_waves
D:8:      layout_cave_pools, mainiacjoe_overflow_alcove_4,
          mainiacjoe_overflow_alcove_2, mainiacjoe_overflow_paths,
          lair_entry_dummy, enter_bailey_3, enter_ossuary_5, uniq_psyche,
          uniq_joseph
D:9:      layout_gridville, nicolae_gozag_zags_fifth_avenue, uniq_erolcha
D:10:     layout_roguey, minmay_protected_statue, uniq_josephine
Temple:   hellmonk_temple_beads
Lair:1:   layout_gridlike, nicolae_lair_grazing_beasts
          [nicolae_sub_lair_graze_edge, nicolae_sub_lair_graze_edge,
          nicolae_sub_lair_graze_edge, nicolae_sub_lair_graze_edge],
          grunt_megastairs_5, uniq_nergalle
Lair:2:   layout_regular_city, skrybe_swamp_entry_bodies, spider_nest_entry_a,
          basic_altar, uniq_maggie, uniq_fannar

Skill      XL: |  1  2  3  4  5  6  7  8  9 10 11 12 |
---------------+-------------------------------------+-----
Armour         | 3 4 5 6 |  6.1
Fighting       | 4 5 8 9 |  9.9
Maces & Flails | 4 5 6 7 8 10 11 12 | 12.0
Stealth        | 3 |  3.1
Dodging        | 2 3 5 |  5.0
Shields        | 2 4 6 8 10 11 | 11.9
Evocations     | 2 5 |  5.2

Action                   |  1- 3 |  4- 6 |  7- 9 | 10-12 || total
-------------------------+-------+-------+-------+-------++-------
Melee: Mace              |    98 |   121 |    88 |       ||   307
       Flail             |       |    94 |   157 |       ||   251
       Whip              |       |       |   147 |   938 ||  1085
Evoke: Condenser vane    |       |       |       |     1 ||     1
  Use: Scroll            |     1 |     5 |     3 |     6 ||    15
       Potion            |       |       |     1 |     4 ||     5
 Stab: Paralysed         |     1 |     1 |       |       ||     2
       Confused          |       |     1 |       |     9 ||    10
       Distracted        |       |       |     1 |       ||     1
       Invisible         |       |       |       |    14 ||    14
Armor: Plate armour      |    87 |   199 |   103 |       ||   389
       Leather armour    |     1 |       |       |       ||     1
       Chain mail        |       |       |   169 |   396 ||   565
Dodge: Dodged            |    15 |    25 |   119 |   321 ||   480
Block: Kite shield       |    29 |    47 |   164 |   445 ||   685

Table legend: (Time is in decaauts)
 A = Elapsed time spent in this place.
 B = Non-inter-level travel time spent in this place.
 C = Inter-level travel time spent in this place.
 D = Time resting spent in this place.
 E = Time spent auto-exploring this place.
 F = Levels seen in this place.
 G = Mean time per level.
                   A        B        C        D        E       F      G
               +--------+--------+--------+--------+--------+-----+--------+
         Total |  12076 |  11731 |    345 |    983 |   7823 |  14 |  862.6 |
       Dungeon |  10520 |  10188 |    332 |    870 |   6861 |  10 | 1052.0 |
        Temple |      1 |      1 |      0 |      0 |      0 |   1 |    1.0 |
          Lair |   1212 |   1199 |     13 |      0 |    921 |   2 |  606.0 |
        Bailey |    341 |    341 |      0 |    113 |     40 |   1 |  341.0 |
               +--------+--------+--------+--------+--------+-----+--------+

Top non-repeatable levels by time:
     D:7: 1326 daAuts
    D:10: 1293 daAuts
     D:5: 1265 daAuts
     D:9: 1256 daAuts
     D:8: 1150 daAuts
     D:4: 1122 daAuts
  Lair:1: 995 daAuts
     D:3: 889 daAuts
     D:2: 822 daAuts
     D:6: 775 daAuts
     D:1: 618 daAuts
  Bailey: 341 daAuts
  Lair:2: 217 daAuts
  Temple: 1 daAuts
